[Event "Titled Tuesday Blitz November 15 Early 2022"]
[White "Vifleemskaia, Svetlana"]
[Black "Zhao, Jun"]
[WhiteFideId "4129490"]
[BlackFideId "8602522"]
[WhiteElo "1929"]
[BlackElo "2547"]
[Result "1/2-1/2"]
[Round "01"]
[TimeControl "180+1"]
[Date "2022.11.16"]
[WhiteClock "0:00:24"]
[BlackClock "0:00:44"]

1. d4 Nf6 2. c4 e6 3. Nc3 Bb4 4. e3 O-O 5. Ne2 d5 6. a3 Be7 7. cxd5 exd5 8. g3 c6 9. Bg2 Re8 10. O-O Bd6 11. f3 Bf5 12. e4 dxe4 13. fxe4 Bxe4 14. Rxf6 Bxg2 15. Rxd6 Qxd6 16. Kxg2 Nd7 17. Bf4 Qe6 18. Qd3 Nb6 19. Rf1 Re7 20. h3 Rae8 21. g4 Qc4 22. Qxc4 Nxc4 23. Kf3 Nxb2 24. Rb1 Nc4 25. a4 f6 26. Rb4 Na5 27. Bd6 Re3+ 28. Kf2 Rxh3 29. Bg3 Rh1 30. Ng1 b6 31. Kg2 Rxg1+ 32. Kxg1 Re3 33. Bb8 Rxc3 34. Bxa7 Nc4 35. Kf2 Kf7 36. Bxb6 Nxb6 37. Rxb6 Rd3 38. Rb4 Kg6 39. a5 Ra3 40. Rc4 Rxa5 41. Rxc6 Ra3 42. Rc5 Kf7 43. Rc7+ Kg6 44. Rc5 Kh6 45. Rh5+ Kg6 46. Rc5 1/2-1/2


[Site "https://www.chess.com"]

[Event "Titled Tuesday Blitz November 15 Early 2022"]
[White "Vlassov, Nikolai"]
[Black "Nissinen, Niilo Man"]
[WhiteFideId "4103360"]
[BlackFideId "30950767"]
[WhiteElo "2324"]
[BlackElo "1896"]
[Result "1-0"]
[Round "01"]
[TimeControl "180+1"]
[Date "2022.11.16"]
[WhiteClock "0:01:37"]
[BlackClock "0:00:01"]

1. e4 c5 2. c3 Nf6 3. e5 Nd5 4. d4 cxd4 5. cxd4 e6 6. Nc3 d6 7. f4 Nxc3 8. bxc3 dxe5 9. fxe5 Be7 10. Nf3 b6 11. Bd3 Bb7 12. O-O h6 13. Qe2 Qc7 14. Bd2 Nd7 15. Rf2 O-O 16. Raf1 Rad8 17. Bb1 h5 18. Ng5 Bxg5 19. Bxg5 g6 20. Bxd8 Qxd8 21. Qe3 Kg7 22. Rf6 Ba6 23. Qg5 Kh8 24. Qh6+ Kg8 25. Bxg6 Nxf6 26. exf6 fxg6 27. Qg7# 1-0


[Site "https://www.chess.com"]

[Event "Titled Tuesday Blitz November 15 Early 2022"]
[White "Vokhidov, Shamsiddin"]
[Black "Storey, Charles H"]
[WhiteFideId "14204223"]
[BlackFideId "406686"]
[WhiteElo "2910"]
[BlackElo "2488"]
[Result "1-0"]
[Round "01"]
[TimeControl "180+1"]
[Date "2022.11.16"]
[WhiteClock "0:02:42"]
[BlackClock "0:00:02"]

1. e4 g6 2. d4 Bg7 3. Nf3 c5 4. dxc5 Qa5+ 5. c3 Qxc5 6. Na3 Nf6 7. e5 Ng4 8. Qd4 Qxd4 9. cxd4 b6 10. h3 Nh6 11. Nb5 Na6 12. Be2 Bb7 13. O-O O-O 14. Bg5 f6 15. exf6 exf6 16. Bxh6 Bxh6 17. Nd6 Bxf3 18. Bxf3 Rad8 19. Rfe1 Bf4 20. Bd5+ Kh8 21. Nf7+ Rxf7 22. Bxf7 Nc7 23. g3 Bd6 24. Rac1 Kg7 25. Bb3 Nb5 26. Rc4 Bf8 27. Rec1 Nd6 28. Rc7 a5 29. Be6 Nb5 30. R1c4 Nd6 31. R4c6 Nb5 32. Rxd7+ Rxd7 33. Bxd7 Nxd4 34. Rxb6 Bb4 35. a3 1-0


[Site "https://www.chess.com"]

[Event "Titled Tuesday Blitz November 15 Early 2022"]
[White "Volkov, Maksim"]
[Black "Deev, Andrei"]
[WhiteFideId "54123070"]
[BlackFideId "4102690"]
[WhiteElo "2257"]
[BlackElo "2280"]
[Result "1-0"]
[Round "01"]
[TimeControl "180+1"]
[Date "2022.11.16"]
[WhiteClock "0:01:35"]
[BlackClock "0:00:33"]

1. d4 d6 2. Nf3 Bg4 3. e4 Nf6 4. Nc3 e6 5. h3 Bh5 6. g4 Bg6 7. Qe2 c6 8. g5 Nfd7 9. h4 h5 10. Bh3 Be7 11. Bf4 b5 12. a3 a5 13. Bg3 Qb6 14. O-O Na6 15. Qe3 O-O 16. Ne1 c5 17. d5 Ne5 18. dxe6 Nc4 19. Qe2 Kh8 20. b3 Ne5 21. Nd5 Qa7 22. Nd3 Nxd3 23. cxd3 fxe6 24. Bxe6 Nc7 25. Nxc7 Qxc7 26. f4 Bf7 27. Bxf7 Rxf7 28. g6 1-0


[Site "https://www.chess.com"]

[Event "Titled Tuesday Blitz November 15 Early 2022"]
[White "Wagner, Dennis"]
[Black "Gjestemoen-VonHirsch, Andre"]
[WhiteFideId "24650684"]
[BlackFideId "1539531"]
[WhiteElo "2470"]
[BlackElo "2198"]
[Result "1-0"]
[Round "01"]
[TimeControl "180+1"]
[Date "2022.11.16"]
[WhiteClock "0:01:34"]
[BlackClock "0:00:11"]

1. d4 Nf6 2. c4 e6 3. Bf4 d5 4. cxd5 exd5 5. Nc3 Bb4 6. e3 O-O 7. Bd3 Re8 8. Ne2 c6 9. Qc2 Bg4 10. f3 Bh5 11. g4 Bg6 12. Bxg6 hxg6 13. O-O-O a5 14. Kb1 b5 15. h4 Bd6 16. h5 Bxf4 17. exf4 b4 18. Na4 gxh5 19. g5 Nfd7 20. Rxh5 g6 21. Rh6 Kf8 22. Ng3 Na6 23. Qxc6 Re6 24. Rh8+ Ke7 25. Rxd8 Rxc6 26. Rxa8 1-0


[Site "https://www.chess.com"]

[Event "Titled Tuesday Blitz November 15 Early 2022"]
[White "Willathgamuwa, Kevin"]
[Black "Itgelt, Khuyagtsogt"]
[WhiteFideId "3214168"]
[BlackFideId "4902912"]
[WhiteElo "1962"]
[BlackElo "2129"]
[Result "0-1"]
[Round "01"]
[TimeControl "180+1"]
[Date "2022.11.16"]
[WhiteClock "0:00:08"]
[BlackClock "0:01:31"]

1. e4 e6 2. d4 d5 3. e5 c5 4. c3 Nc6 5. Nf3 Bd7 6. Be2 Nge7 7. O-O Nf5 8. a3 Qb6 9. dxc5 Bxc5 10. b4 Be7 11. Bb2 Rc8 12. Nbd2 h5 13. c4 d4 14. Nb3 f6 15. c5 Qc7 16. Nfxd4 Nfxd4 17. Bxd4 Nxe5 18. Bxh5+ Kf8 19. Bxe5 Qxe5 20. Qxd7 Rd8 21. Qxb7 Rxh5 22. g3 Qf5 23. Rfd1 Rd5 24. Qc8+ Kf7 25. Rxd5 Qxd5 26. Rb1 Qd3 27. Rb2 Re5 28. Qc6 Re1+ 29. Kg2 Qf1+ 30. Kf3 Qh1+ 31. Kg4 Qxc6 32. Nd4 Re4+ 0-1


[Site "https://www.chess.com"]

[Event "Titled Tuesday Blitz November 15 Early 2022"]
[White "Willow, Jonah B"]
[Black "Dixit, Nikhil"]
[WhiteFideId "438804"]
[BlackFideId "5059534"]
[WhiteElo "2300"]
[BlackElo "2207"]
[Result "1-0"]
[Round "01"]
[TimeControl "180+1"]
[Date "2022.11.16"]
[WhiteClock "0:00:07"]
[BlackClock "0:00:03"]

1. e4 e6 2. d4 d5 3. Nd2 c5 4. Ngf3 Nc6 5. exd5 exd5 6. Bb5 Nf6 7. O-O Be7 8. dxc5 O-O 9. Nb3 a6 10. Be2 Bf5 11. c3 Ne4 12. Nfd4 Bg6 13. Be3 Qc7 14. Nxc6 bxc6 15. f3 Nf6 16. Bd3 a5 17. Bxg6 hxg6 18. Qd4 a4 19. Nc1 Nd7 20. Nd3 Bf6 21. Qg4 a3 22. Bd4 axb2 23. Nxb2 Ne5 24. Qg3 Qb7 25. Rfb1 Nd7 26. Nd3 Qa6 27. Nb4 Qa4 28. Bxf6 Nxf6 29. Qd6 Rfc8 30. a3 Ne8 31. Qf4 Nc7 32. h4 Ne6 33. Qd6 Ra5 34. h5 gxh5 35. Re1 Qb5 36. Rxe6 fxe6 37. Qxe6+ Kh7 38. Qxc8 Qxc5+ 39. Kh1 Qxc3 40. Rd1 Rxa3 41. Nxc6 Qc2 42. Rxd5 Qc1+ 43. Kh2 Qf4+ 44. Kh3 Rxf3+ 45. gxf3 Qxf3+ 46. Kh2 Qf2+ 47. Kh1 Qf1+ 48. Kh2 Qf2+ 49. Kh3 Qf3+ 50. Kh4 Qe4+ 51. Kg3 Qxd5 52. Qc7 Qg5+ 53. Kf2 Qf6+ 54. Kg1 h4 55. Ne5 Qg5+ 56. Kf1 Qf4+ 57. Kg1 Qg3+ 58. Kf1 h3 59. Qc2+ Kh6 60. Nf7+ Kh5 61. Qh7+ Kg4 62. Qg6+ Kf3 63. Qh5+ Kf4 64. Qe5+ Kf3 65. Qd5+ Kf4 66. Qd4+ Kf3 67. Ne5+ Qxe5 68. Qxe5 h2 69. Qxh2 1-0


[Site "https://www.chess.com"]

[Event "Titled Tuesday Blitz November 15 Early 2022"]
[White "Winkels, Marcel"]
[Black "Richter, Paul"]
[WhiteFideId "1003887"]
[BlackFideId "2046350"]
[WhiteElo "1900"]
[BlackElo "2555"]
[Result "0-1"]
[Round "01"]
[TimeControl "180+1"]
[Date "2022.11.16"]
[WhiteClock "0:00:29"]
[BlackClock "0:00:18"]

1. e4 c5 2. Nf3 d6 3. Bb5+ Nc6 4. O-O Bd7 5. Re1 Nf6 6. d4 cxd4 7. Nxd4 Nxd4 8. Bxd7+ Qxd7 9. Qxd4 g6 10. Nc3 Bg7 11. Bg5 O-O 12. Qd2 Rfe8 13. Bxf6 Bxf6 14. e5 Bg7 15. exd6 exd6 16. Rxe8+ Rxe8 17. Rd1 Bxc3 18. Qxc3 Rc8 19. Qd3 Qa4 20. c3 Qxa2 21. Qxd6 Qxb2 22. Qd7 Rf8 23. c4 a5 24. Qd3 Qb6 25. Rb1 Qc6 26. Qd5 Qxd5 27. cxd5 Rb8 28. d6 Kf8 29. Rb5 b6 30. f4 Ke8 31. Kf2 Kd7 32. Rd5 Kc6 33. Rd2 Rd8 34. Re2 Rxd6 35. Re7 Rd7 36. Re8 b5 37. g4 b4 38. Ra8 Kb5 39. Rb8+ Kc4 40. Ra8 Rd5 41. Ke3 b3 42. Ke4 b2 43. Rc8+ Rc5 44. Rb8 Rb5 45. Rc8+ Kb3 46. Rc1 bxc1=Q 0-1


[Site "https://www.chess.com"]

[Event "Titled Tuesday Blitz November 15 Early 2022"]
[White "Winterberg, Lukas"]
[Black "Nakamura, Hikaru"]
[WhiteFideId "24622702"]
[BlackFideId "2016192"]
[WhiteElo "2349"]
[BlackElo "2909"]
[Result "0-1"]
[Round "01"]
[TimeControl "180+1"]
[Date "2022.11.15"]
[WhiteClock "0:00:02"]
[BlackClock "0:00:14"]

1. d4 g6 2. c4 Bg7 3. Nc3 c5 4. d5 Bxc3+ 5. bxc3 f5 6. h4 Nf6 7. h5 Rg8 8. hxg6 hxg6 9. d6 Qa5 10. dxe7 Qxc3+ 11. Bd2 Qe5 12. Nf3 Qxe7 13. Bg5 Nc6 14. g3 d6 15. Bg2 Be6 16. Rb1 O-O-O 17. Nd2 d5 18. cxd5 Bxd5 19. Bxd5 Rxd5 20. Qb3 Re8 21. O-O Rd7 22. Nc4 Nd4 23. Qa3 Nxe2+ 24. Kg2 Kb8 25. Na5 Qe6 26. Rfe1 Qd5+ 27. f3 Qd6 28. Bf4 Nxf4+ 29. gxf4 Rxe1 30. Rxe1 Qd2+ 31. Kf1 Qxf4 32. Re2 Qb4 33. Qxb4 cxb4 34. Nb3 Rd6 35. Re7 b6 36. Ke2 Nd5 37. Rg7 Nc3+ 38. Kf2 a5 0-1


[Site "https://www.chess.com"]

[Event "Titled Tuesday Blitz November 15 Early 2022"]
[White "Wirig, Anthony"]
[Black "Sanchez Alvares, Kelvin Antonio"]
[WhiteFideId "615013"]
[BlackFideId "3906680"]
[WhiteElo "2487"]
[BlackElo "2217"]
[Result "1-0"]
[Round "01"]
[TimeControl "180+1"]
[Date "2022.11.16"]
[WhiteClock "0:00:08"]
[BlackClock "0:00:03"]

1. d4 d5 2. Nf3 Nf6 3. Bf4 c5 4. c3 Nc6 5. e3 Qb6 6. Qb3 c4 7. Qc2 Bf5 8. Qc1 e6 9. Nbd2 Be7 10. Be2 O-O 11. O-O Rfc8 12. Bd1 Bd3 13. Re1 Ne4 14. Be2 Bxe2 15. Rxe2 f5 16. h3 Qd8 17. Ne5 b5 18. f3 Nf6 19. e4 Nxe5 20. Bxe5 b4 21. exf5 exf5 22. Nf1 Nd7 23. Bf4 Nb6 24. Qc2 Qd7 25. Rae1 Re8 26. g4 fxg4 27. hxg4 bxc3 28. bxc3 Bh4 29. Rxe8+ Rxe8 30. Re5 Rxe5 31. Bxe5 Bg5 32. Kg2 Qa4 33. Qe2 Kf7 34. f4 Bf6 35. Ne3 Bxe5 36. fxe5 Ke6 37. Qf2 Ke7 38. Qh4+ Ke6 39. Qxh7 Qxa2+ 40. Kf3 Qd2 41. Qg6+ Kd7 42. Qxg7+ Kc6 43. e6 Qd3 44. Qf7 Qe4+ 45. Ke2 a5 46. Kf2 a4 47. e7 a3 48. e8=Q+ Qxe8 49. Qxe8+ Kb7 50. Qb5 a2 51. Nxd5 a1=Q 52. Qxb6+ Kc8 53. Qc7# 1-0


[Site "https://www.chess.com"]

[Event "Titled Tuesday Blitz November 15 Early 2022"]
[White "Yaran, Siar"]
[Black "Lauridsen, Jesper Morch"]
[WhiteFideId "6323006"]
[BlackFideId "1401890"]
[WhiteElo "2191"]
[BlackElo "2222"]
[Result "1-0"]
[Round "01"]
[TimeControl "180+1"]
[Date "2022.11.16"]
[WhiteClock "0:01:00"]
[BlackClock "0:00:35"]

1. e4 c5 2. Nf3 e6 3. Nc3 Nc6 4. d4 cxd4 5. Nxd4 Qc7 6. a3 a6 7. Be2 Nf6 8. O-O d6 9. Be3 Be7 10. f4 O-O 11. Qe1 Nxd4 12. Bxd4 b5 13. Qg3 Bb7 14. Bd3 g6 15. f5 e5 16. Be3 Kh8 17. Qh3 Nh5 18. Nd5 Bxd5 19. exd5 Nf4 20. Rxf4 exf4 21. Bd4+ f6 22. fxg6 Bd8 23. Rf1 Qg7 24. Rxf4 Ra7 25. Rh4 Qg8 26. Bxa7 1-0


[Site "https://www.chess.com"]

[Event "Titled Tuesday Blitz November 15 Early 2022"]
[White "Yeremyan, Alen"]
[Black "Mejia, Cherry Ann"]
[WhiteFideId "13308998"]
[BlackFideId "5206880"]
[WhiteElo "2159"]
[BlackElo "2007"]
[Result "1-0"]
[Round "01"]
[TimeControl "180+1"]
[Date "2022.11.16"]
[WhiteClock "0:01:17"]
[BlackClock "0:00:02"]

1. d4 d5 2. c4 dxc4 3. e3 e5 4. Nf3 exd4 5. Bxc4 Bb4+ 6. Bd2 Bxd2+ 7. Qxd2 Nf6 8. O-O O-O 9. Nxd4 a6 10. a4 c5 11. Nb3 Qc7 12. Nc3 Ng4 13. f4 Re8 14. Nd5 Qd8 15. Nxc5 Nxe3 16. Rfe1 Nxc4 17. Rxe8+ Qxe8 18. Re1 Be6 19. Qd4 Qd8 20. Qxc4 Nc6 21. Rxe6 fxe6 22. Nxe6 Qd6 23. Ng5 Na5 24. Nf6+ 1-0


[Site "https://www.chess.com"]

[Event "Titled Tuesday Blitz November 15 Early 2022"]
[White "Yirik, Volkan"]
[Black "Szpar, Milosz"]
[WhiteFideId "6300782"]
[BlackFideId "1184989"]
[WhiteElo "1902"]
[BlackElo "2422"]
[Result "0-1"]
[Round "01"]
[TimeControl "180+1"]
[Date "2022.11.16"]
[WhiteClock "0:01:18"]
[BlackClock "0:01:01"]

1. e4 c5 2. Nc3 Nc6 3. Bc4 e6 4. f4 a6 5. a4 Nge7 6. d3 d5 7. Ba2 g6 8. Nf3 Bg7 9. O-O O-O 10. Qe1 Nd4 11. Nxd4 cxd4 12. Ne2 dxe4 13. dxe4 d3 14. cxd3 Qxd3 15. Ng3 b6 16. Qb4 Nc6 17. Qc4 Qxc4 18. Bxc4 Bb7 19. f5 Bd4+ 20. Kh1 Ne5 21. Ba2 exf5 22. exf5 Ng4 23. h3 Nf6 24. Bh6 Rfe8 25. fxg6 hxg6 26. Rad1 Be5 27. Bg5 Bd5 28. Rxd5 Nxd5 29. Bxd5 Bxg3 30. Bxf7+ Kg7 31. Bxe8 Rxe8 32. Bf4 Rf8 33. Bh6+ Kxh6 34. Rxf8 Be5 35. b3 Bd4 36. g4 Kg5 37. Kg2 Be5 38. Ra8 a5 39. Rf8 Bd6 40. Kf3 Bxf8 0-1


[Site "https://www.chess.com"]

[Event "Titled Tuesday Blitz November 15 Early 2022"]
[White "Zanette, Edgard Vinicius"]
[Black "Melikyan, Gnel"]
[WhiteFideId "2109263"]
[BlackFideId "54109990"]
[WhiteElo "2211"]
[BlackElo "2138"]
[Result "0-1"]
[Round "01"]
[TimeControl "180+1"]
[Date "2022.11.16"]
[WhiteClock "0:00:05"]
[BlackClock "0:00:05"]

1. d4 Nf6 2. Bf4 c5 3. e3 cxd4 4. exd4 Qb6 5. Bc1 g6 6. Nf3 Bg7 7. Bd3 O-O 8. O-O d6 9. h3 Nc6 10. c3 e5 11. dxe5 dxe5 12. Qc2 Rd8 13. Be3 Qc7 14. Be2 Bf5 15. Qa4 Nd5 16. Bg5 f6 17. Bc1 Kh8 18. Na3 a6 19. Qh4 g5 20. Qg3 Nf4 21. Bxf4 exf4 22. Qh2 Ne5 23. Nxe5 fxe5 24. Bg4 Bg6 25. Rfd1 h5 26. Be2 b5 27. Kh1 e4 28. Qg1 Be5 29. Rxd8+ Rxd8 30. Rd1 Bf7 31. Rxd8+ Qxd8 32. Qd1 Qxd1+ 33. Bxd1 Bxa2 34. Bxh5 b4 35. cxb4 Bxb2 36. Nc2 Bb3 37. Bd1 Bc3 38. Kg1 Bc4 39. g3 Kg7 40. gxf4 gxf4 41. Bg4 Bd3 42. Bd1 Kf6 43. Na3 Bxb4 44. Nc2 Bc5 45. Kg2 a5 46. Na1 Bb6 47. Ba4 Ke5 48. Nb3 Bc2 49. h4 Bd3 50. Nc1 Bc4 51. Nb3 Bd8 52. h5 Bg5 53. Nxa5 Be2 54. Nc6+ Kf6 55. Nd4 Bxh5 56. Bc6 Bg6 57. f3 e3 58. Ne2 Bd3 59. Kf1 Ke5 60. Bd5 Bh4 61. Bb7 Bf2 62. Ba8 Kf5 63. Bb7 Ke5 64. Ba8 Kd6 65. Bb7 Kc5 66. Be4 Bxe4 67. fxe4 f3 68. Nf4 Kd4 69. e5 Bg3 70. Nh3 e2+ 71. Kg1 e1=Q# 0-1


[Site "https://www.chess.com"]

[Event "Titled Tuesday Blitz November 15 Early 2022"]
[White "Zeydan, Salih"]
[Black "Acor, Corey"]
[WhiteFideId "6361722"]
[BlackFideId "2024861"]
[WhiteElo "1988"]
[BlackElo "2340"]
[Result "0-1"]
[Round "01"]
[TimeControl "180+1"]
[Date "2022.11.16"]
[WhiteClock "0:01:13"]
[BlackClock "0:01:26"]

1. e4 e5 2. Nc3 Nf6 3. Bc4 Nc6 4. d3 Bc5 5. a3 d6 6. Be3 Bb6 7. Bxb6 axb6 8. Nge2 Be6 9. O-O O-O 10. f4 d5 11. exd5 Nxd5 12. Nxd5 Bxd5 13. Bxd5 Qxd5 14. fxe5 Nxe5 15. Nc3 Qd4+ 16. Kh1 Ng4 17. Qd2 Rfe8 18. Rf4 Qd7 19. Raf1 f6 20. Ne4 Kh8 21. h3 Ne5 22. Rh4 Ng6 23. Rh5 Rxe4 0-1


[Site "https://www.chess.com"]

[Event "Titled Tuesday Blitz November 15 Early 2022"]
[White "Zhigalko, Sergei"]
[Black "D`Arruda, Ricardo D."]
[WhiteFideId "13502956"]
[BlackFideId "100692"]
[WhiteElo "2662"]
[BlackElo "2486"]
[Result "1-0"]
[Round "01"]
[TimeControl "180+1"]
[Date "2022.11.16"]
[WhiteClock "0:01:11"]
[BlackClock "0:00:37"]

1. e4 c5 2. Nf3 Nc6 3. c3 Nf6 4. e5 Nd5 5. Bc4 e6 6. d4 cxd4 7. cxd4 d6 8. O-O Be7 9. Bd2 Bd7 10. Nc3 Nb6 11. Bb3 O-O 12. Qe2 Rc8 13. Rad1 a6 14. Rfe1 Qc7 15. Bc2 Nd5 16. h4 Rfd8 17. Ng5 Bxg5 18. Bxg5 Re8 19. Qh5 g6 20. Qh6 Nxd4 21. Bf6 1-0


[Site "https://www.chess.com"]

[Event "Titled Tuesday Blitz November 15 Early 2022"]
[White "Zilleruelo Irizarry, Diego"]
[Black "Kryakvin, Dmitry"]
[WhiteFideId "3101460"]
[BlackFideId "4153278"]
[WhiteElo "1998"]
[BlackElo "2414"]
[Result "0-1"]
[Round "01"]
[TimeControl "180+1"]
[Date "2022.11.16"]
[WhiteClock "0:00:16"]
[BlackClock "0:00:12"]

1. e4 c5 2. Nf3 d6 3. d4 cxd4 4. Qxd4 Nc6 5. Qe3 Nf6 6. Be2 Bg4 7. O-O g6 8. Rd1 Bg7 9. e5 Nd7 10. exd6 O-O 11. dxe7 Nxe7 12. h3 Bf5 13. c3 Re8 14. Qf4 Nd5 15. Qd2 N5f6 16. Bb5 a6 17. Bf1 Qb6 18. Nd4 Be4 19. Na3 Nc5 20. Nc4 Qc7 21. Qf4 Qxf4 22. Bxf4 Nd5 23. Bg3 Na4 24. Nd6 Nxb2 25. Rd2 Nxc3 26. Nxe8 Rxe8 27. Re1 Nba4 28. Nb3 Bc6 29. Rd6 Rxe1 30. Kh2 0-1


[Site "https://www.chess.com"]

[Event "Titled Tuesday Blitz November 15 Early 2022"]
[White "Zivkovic, Nemanja"]
[Black "Zaichenko, Daria"]
[WhiteFideId "942154"]
[BlackFideId "4197453"]
[WhiteElo "2372"]
[BlackElo "2039"]
[Result "1-0"]
[Round "01"]
[TimeControl "180+1"]
[Date "2022.11.16"]
[WhiteClock "0:01:52"]
[BlackClock "0:00:50"]

1. e4 c5 2. Nf3 Nc6 3. Bb5 g6 4. c3 Bg7 5. O-O e5 6. Re1 Nge7 7. Na3 O-O 8. Nc2 a6 9. Bxc6 Nxc6 10. d4 cxd4 11. cxd4 exd4 12. Ncxd4 Nxd4 13. Nxd4 d5 14. e5 Be6 15. f4 Qb6 16. Re2 Bg4 17. Be3 Bxe2 18. Qxe2 Qa5 19. a3 Rac8 20. h4 Rc4 21. Rd1 Rfc8 22. h5 Qa4 23. hxg6 R4c7 24. gxf7+ Rxf7 25. Qg4 Kh8 26. Qxc8+ 1-0


[Site "https://www.chess.com"]

[Event "Titled Tuesday Blitz November 15 Early 2022"]
[White "parintele_chess"]
[Black "Suder, Jakub"]
[BlackFideId "1195310"]
[WhiteElo "2228"]
[BlackElo "2243"]
[Result "0-1"]
[Round "01"]
[TimeControl "180+1"]
[Date "2022.11.16"]
[WhiteClock "0:01:17"]
[BlackClock "0:02:03"]

1. d4 d5 2. Bf4 Nf6 3. Nf3 c5 4. e3 Nc6 5. Nbd2 Bg4 6. c3 cxd4 7. exd4 e6 8. Be2 Bd6 9. Ne5 Bxe2 10. Qxe2 Qc7 11. Ndf3 O-O 12. Bg5 Ne4 13. Bh4 Nxe5 14. dxe5 Bxe5 15. Nxe5 Qxe5 16. Bg3 Qf5 17. O-O a6 18. f3 Nxg3 19. hxg3 Rac8 20. g4 Qf4 21. Rad1 Qc4 22. Qc2 Qxa2 23. Kf2 Qc4 24. Rh1 g6 25. Rd4 Qxd4+ 0-1


[Site "https://www.chess.com"]

[Event "Titled Tuesday Blitz November 15 Early 2022"]
[White "Aaditya Dhingra"]
[Black "Ozen, Bahadir"]
[WhiteFideId "25678191"]
[BlackFideId "6337058"]
[WhiteElo "2054"]
[BlackElo "2503"]
[Result "0-1"]
[Round "02"]
[TimeControl "180+1"]
[Date "2022.11.16"]
[WhiteClock "0:00:02"]
[BlackClock "0:00:03"]

1. d4 g6 2. Nc3 Bg7 3. e4 c6 4. Nf3 d6 5. h3 Nf6 6. Bf4 O-O 7. Be2 b5 8. a3 Nbd7 9. O-O a6 10. e5 Ne8 11. Ne4 Nb6 12. Bg3 Bf5 13. Bd3 Rc8 14. Qe2 Qd7 15. Rad1 Na4 16. c3 f6 17. exd6 exd6 18. Rfe1 Rf7 19. Qc2 Bxe4 20. Bxe4 d5 21. Bd3 Nd6 22. b3 Nb6 23. Re2 Bf8 24. Rde1 Re8 25. Rxe8 Nxe8 26. a4 Ng7 27. axb5 axb5 28. Ra1 Bd6 29. Bxd6 Qxd6 30. Ra6 Qc7 31. Qa2 Re7 32. g3 Kf7 33. Qa5 Nc8 34. Qxc7 Rxc7 35. Nd2 Nd6 36. Kg2 Ke7 37. Nb1 Ne6 38. Na3 b4 39. cxb4 Nxd4 40. Nc2 Nxc2 41. Bxc2 Kd7 42. Bd3 Rb7 43. Ra4 f5 44. Kf3 Ke6 45. Ke3 Rb6 46. Kd4 Nb7 47. Ra6 Rxa6 48. Bxa6 Nd6 49. Kc5 Kd7 50. f3 Kc7 51. b5 cxb5 52. Kxd5 Nf7 53. Bxb5 Ng5 54. f4 Nxh3 55. Be8 Nf2 56. Bf7 Ne4 57. Bg8 Nf6+ 58. Ke6 Nxg8 59. Kf7 h5 60. Kxg8 g5 61. fxg5 f4 62. gxf4 h4 63. f5 h3 64. f6 h2 65. f7 h1=Q 66. f8=Q Qg2 67. Qf7+ Kb8 68. g6 Ka8 69. g7 Qh2 70. Kf8 Qd6+ 71. Qe7 Qf4+ 72. Ke8 Qg4 73. Qd7 Qe4+ 74. Kf8 Qf4+ 75. Qf7 Qd6+ 76. Qe7 Qf4+ 77. Ke8 Qg4 78. Qd7 Qe4+ 79. Kd8 Qh4+ 80. Kc8 Qh1 81. Qc6+ Qxc6+ 82. Kd8 Qg6 83. Ke7 Qxg7+ 84. Kd6 Qc3 85. Ke6 Qb4 0-1


[Site "https://www.chess.com"]

[Event "Titled Tuesday Blitz November 15 Early 2022"]
[White "Abdusattorov, Nodirbek"]
[Black "Jarmula, Lukasz"]
[WhiteFideId "14204118"]
[BlackFideId "1160664"]
[WhiteElo "2665"]
[BlackElo "2357"]
[Result "1-0"]
[Round "02"]
[TimeControl "180+1"]
[Date "2022.11.15"]
[WhiteClock "0:00:04"]
[BlackClock "0:00:07"]

1. a3 e5 2. e4 Nf6 3. Nc3 Nc6 4. d3 d5 5. exd5 Nxd5 6. Nf3 Be7 7. Be2 O-O 8. O-O Be6 9. Re1 Qd7 10. Bf1 f6 11. Ne4 Bg4 12. h3 Be6 13. b4 a6 14. Bd2 Rad8 15. Rb1 Qc8 16. Ng3 Nb6 17. c3 Kh8 18. a4 Bf7 19. b5 Nb8 20. d4 exd4 21. Nxd4 Bc5 22. Ngf5 Bg6 23. Nxg7 Bxb1 24. Qxb1 Bxd4 25. Bh6 Be5 26. Nf5 Rf7 27. Qb3 Qxf5 28. Qxf7 Qg6 29. Qe7 Re8 30. Qc5 Qxh6 31. Re3 N8d7 32. Qa3 Rg8 33. bxa6 bxa6 34. Qb3 Qg7 35. a5 Nc8 36. Qc4 Nd6 37. Qxa6 Nf5 38. Re4 Nc5 39. Qc4 Nxe4 40. Qxe4 Nd6 41. Qc6 f5 42. a6 Bxc3 43. a7 Qf8 44. Qxc3+ Rg7 45. Qc6 Rg8 46. Qc3+ Rg7 47. Be2 Qa8 48. Qa1 Kg8 49. Bf3 Ne4 50. Qa2+ Kh8 51. Qa1 Kg8 52. Be2 c6 53. Bc4+ Kh8 54. Qe5 h6 55. Qb8+ Rg8 56. Bxg8 1-0


[Site "https://www.chess.com"]

[Event "Titled Tuesday Blitz November 15 Early 2022"]
[White "Abhishek, Das"]
[Black "Schmakel, Sam"]
[WhiteFideId "5013348"]
[BlackFideId "2039311"]
[WhiteElo "2230"]
[BlackElo "2356"]
[Result "0-1"]
[Round "02"]
[TimeControl "180+1"]
[Date "2022.11.16"]
[WhiteClock "0:00:18"]
[BlackClock "0:00:28"]

1. e4 c5 2. Nc3 d6 3. Nf3 Nc6 4. d4 cxd4 5. Nxd4 a6 6. a4 g6 7. Be2 Bg7 8. Be3 Nf6 9. O-O O-O 10. Nb3 Be6 11. f4 Rc8 12. f5 Bd7 13. a5 Ne5 14. Bb6 Qe8 15. Nd2 Bc6 16. Be3 Nfd7 17. Nb3 Nf6 18. fxg6 hxg6 19. Nd2 d5 20. exd5 Nxd5 21. Nxd5 Bxd5 22. Nf3 Nxf3+ 23. Bxf3 Bxf3 24. Rxf3 Qb5 25. Qf1 Qxf1+ 26. Rfxf1 Rxc2 27. Rab1 Rd8 28. Rf2 Rdc8 29. b4 R2c3 30. Bd4 Bxd4 0-1


[Site "https://www.chess.com"]

[Event "Titled Tuesday Blitz November 15 Early 2022"]
[White "Abrahamyan, Tatev"]
[Black "Bacrot, Etienne"]
[WhiteFideId "13301918"]
[BlackFideId "605506"]
[WhiteElo "2347"]
[BlackElo "2666"]
[Result "0-1"]
[Round "02"]
[TimeControl "180+1"]
[Date "2022.11.16"]
[WhiteClock "0:00:13"]
[BlackClock "0:00:19"]

1. e4 c5 2. Nf3 d6 3. d4 cxd4 4. Nxd4 Nf6 5. Nc3 Nc6 6. Bg5 e6 7. Qd3 Bd7 8. O-O-O a6 9. f4 Be7 10. Nf3 Qa5 11. Kb1 Rc8 12. Qe3 b5 13. Bd3 h6 14. Bh4 Nb4 15. a3 Nxd3 16. Rxd3 b4 17. axb4 Qxb4 18. e5 Rxc3 19. exf6 Rxd3 20. Qxd3 gxf6 21. Rd1 Bb5 22. Qe3 Qc5 23. Nd4 Bd7 24. Qb3 Qh5 25. Nf3 Qb5 26. Qc3 Qc6 27. Bxf6 Qxc3 28. Bxc3 Rg8 29. g3 Bc6 30. Nd4 Be4 31. Re1 d5 32. Ne2 Kd7 33. Be5 f6 34. Bd4 Rc8 35. Nc3 Bf5 36. Re3 a5 37. Re2 Rc4 38. Bf2 Kc6 39. Rd2 Bb4 40. Bd4 Be7 41. Ne2 Kd7 42. Bc3 a4 43. Nd4 Be4 44. Ka2 a3 45. Ne2 axb2 46. Kxb2 Kd6 47. Kb3 Kd7 48. Nd4 Rc8 49. Kb2 e5 50. fxe5 fxe5 51. Nb3 Ke6 52. Kc1 Bg5 0-1


[Site "https://www.chess.com"]

[Event "Titled Tuesday Blitz November 15 Early 2022"]
[White "Adithya A Chullikkad"]
[Black "Pein, Jonathan"]
[WhiteFideId "45078734"]
[BlackFideId "417092"]
[WhiteElo "2106"]
[BlackElo "2227"]
[Result "0-1"]
[Round "02"]
[TimeControl "180+1"]
[Date "2022.11.16"]
[WhiteClock "0:00:58"]
[BlackClock "0:01:14"]

1. d4 d5 2. Bf4 h5 3. Nf3 f6 4. h3 g5 5. Bc1 Nc6 6. c3 Bf5 7. Nbd2 Qd7 8. Nb3 e6 9. e3 O-O-O 10. Bd3 Nh6 11. Bxf5 Nxf5 12. Qd3 g4 13. hxg4 hxg4 14. Rxh8 gxf3 15. gxf3 Qg7 16. Rh1 Qg2 17. Rf1 Qxf3 18. Bd2 Nh4 19. Qe2 Ng2+ 20. Kd1 Qf5 21. Rh1 Bd6 22. f4 Rg8 23. Rg1 Qh3 24. Nc1 Ne7 25. Nd3 Nf5 26. Ne1 Ngxe3+ 27. Bxe3 Nxe3+ 28. Qxe3 Qxe3 29. Rxg8+ Kd7 30. Rg2 Bxf4 31. Re2 Qg1 32. Kc2 e5 33. Rd1 Qg6+ 34. Kb3 e4 35. Ng2 Bd6 36. Ne3 Qh5 37. Rf2 Bg3 38. Rf5 Qe2 39. Rxd5+ Ke6 0-1


[Site "https://www.chess.com"]